 Dungeon Crawl Stone Soup version 0.28-a0-1382-g92835e5c71 (webtiles) character file.

Game seed: 11433078169018314407

123 wakim the Chucker (level 4, -1/44 HPs)
             Began as a Troll Hunter on Jan 1, 2022.
             Killed from afar by Ijyb (20 damage)
             ... with a bolt of acid
             ... on level 3 of the Dungeon.
             The game lasted 00:09:32 (1680 turns).

wakim the Chucker (Troll Hunter)                    Turns: 1680, Time: 00:09:33

Health: -1/44      AC:  1    Str: 20    XL:     4   Next: 79%
Magic:  3/3        EV: 10    Int:  7    God:
Gold:   67         SH:  0    Dex: 12    Spells: 3/3 levels left

rFire   + . .      SeeInvis .     - Unarmed
rCold   . . .      Faith    .   (no shield)
rNeg    . . .      Spirit   .   b - +1 robe
rPois   .          Reflect  .   (helmet restricted)
rElec   .          Harm     .   (no cloak)
rCorr   .          Rampage  .   (gloves unavailable)
Will    .....                   (boots unavailable)
Stlth   +.........              (no amulet)
HPRegen 0.94/turn               K - ring of protection from fire
MPRegen 0.08/turn               (no ring)

@: corroded
A: large, unfitting armour, claws 3, regeneration 1, shaggy fur 1, tough skin 1
a: no special abilities


You were on level 3 of the Dungeon.
You visited 1 branch of the dungeon, and saw 3 of its levels.

You collected 67 gold pieces.

Inventory:

Missiles
 c - 5 large rocks {=f}
 d - 2 throwing nets {=f!f}
 s - 31 stones (quivered)
 G - 5 poisoned darts
 L - 4 boomerangs
Armour
 b - a +1 robe (worn)
Jewellery
 K - a ring of protection from fire (left claw)
Scrolls
 f - a scroll of fear {unknown}
 H - a scroll of magic mapping {unknown}
Potions
 g - a potion of lignification {unknown}
 F - a potion of curing
 I - a potion of invisibility
 J - a potion of heal wounds


   Skills:
 + Level 2.6 Fighting
 - Level 3.6 Throwing
 - Level 1.5 Dodging
 - Level 0.3 Stealth
 * Level 3.6 Unarmed Combat


You had 3 spell levels left.
You didn't know any spells.
Your spell library contained the following spells:

 Spells                   Type           Power      Damage    Failure   Level
 Passage of Golubria      Tloc           0%         N/A       99%         4
 Silence                  Hex/Air        0%         N/A       100%        5
 Lehudib's Crystal Spear  Conj/Erth      0%         10d2      100%        8


Dungeon Overview and Level Annotations

Branches:
Dungeon (3/15)

Altars:

Annotations:
D:3 Ijyb, Sigmund


Innate Abilities, Weirdness & Mutations

You are too large for most types of armour.
You have claws for hands.
Your natural rate of healing is unusually fast.
You are covered in fur. (AC +1)
You have tough skin. (AC +1)


Message History

You throw a poisoned dart.
The poisoned dart barely misses the scorpion.
You feel sick. The scorpion stings you.
* * * LOW HITPOINT WARNING * * *
You feel sick.
You feel sick.
You feel sick.
You kill the scorpion!
Your Unarmed Combat skill increases to level 3!
You have reached level 4!
You start resting.
You feel sick. x2
You are no longer poisoned.
You start resting.
HP restored.
Okay, then.
Unknown command.
You see here a scorpion corpse.
There is a stone staircase leading down, spattered with blood here.
G - 5 poisoned darts (gained 1)
There is a stone staircase leading down, spattered with blood here.
Okay, then.
There is a stone staircase leading down here.
You climb downwards.
Ijyb shouts!
The kobold shouts!
You hear an angry hiss.
Sigmund the Dreaded comes into view.
He is wielding a +0 scythe and wearing a +2 robe of cold resistance.
Ijyb zaps a wand.
The bolt of acid misses you.
There is a stone staircase leading up here.
You throw a stone. The stone misses Ijyb.
Sigmund shouts!
You hear a shout!
Ijyb screams, "I dance on your bones!"
Ijyb zaps a wand.
The bolt of acid hits you!!
Ouch! That really hurt!
* * * LOW HITPOINT WARNING * * *
The acid corrodes you!
A ball python comes into view.
Ijyb zaps a wand.
The bolt of acid hits you!!
You die...

..........#
...S......#
..[.@.....#
..........#
[.........
#........#
....g....##
.....K.@..#
.....<....#
......r...#
..........#
.>.......$#
#........##
##!.....##
##.#####


You could see Sigmund, Ijyb, a quokka, a ball python and a kobold.

Vanquished Creatures
  A scorpion (D:2)
  An adder (D:2)
  A worm (D:2)
  7 bats
  4 endoplasms
  A giant cockroach (D:2)
  6 goblins
  6 hobgoblins
  3 quokkas
  4 ball pythons
  3 frilled lizards
  4 kobolds
  6 rats
47 creatures vanquished.

Notes
Turn   | Place    | Note
-------+----------+-------------------------------------------
     0 | D:1      | wakim the Troll Hunter began the quest for the Orb.
     0 | D:1      | Reached XP level 1. HP: 19/19 MP: 0/0
   159 | D:1      | Reached skill level 1 in Unarmed Combat
   184 | D:1      | Reached XP level 2. HP: 25/28 MP: 1/1
   482 | D:1      | Reached XP level 3. HP: 26/35 MP: 2/2
  1267 | D:2      | Found a faded altar of an unknown god.
  1623 | D:3      | Noticed a scorpion
  1633 | D:2      | Killed a scorpion
  1634 | D:2      | Reached XP level 4. HP: 22/44 MP: 3/3
  1678 | D:3      | Noticed Ijyb
  1678 | D:3      | Noticed Sigmund
  1680 | D:3      | Killed from afar by Ijyb

Illustrated notes

Levels and vault maps discovered:
D:1:      evilmike_arrival_grusome_pit, layout_basic,
          hangedman_abyss_or_decor_stabs
D:2:      layout_loops_ring, hellmonk_ecumenical_altar_blasted
D:3:      layout_rooms, uniq_sigmund, uniq_ijyb, uniq_crazy_yiuf_cottage

Skill      XL: |  1  2  3 |
---------------+----------+-----
Unarmed Combat | 1 2 3 |  3.6
Fighting       | 2 |  2.6
Throwing       | |  3.6
Dodging        | |  1.5
Stealth        | |  0.3

Action                   |  1- 3 |  4- 6 || total
-------------------------+-------+-------++-------
Melee: Unarmed           |   135 |       ||   135
       Short sword       |     2 |       ||     2
Throw: Stone             |     7 |     1 ||     8
       Dart              |     5 |       ||     5
  Use: Scroll            |     5 |       ||     5
 Stab: Sleeping          |     1 |       ||     1
Armor: Robe              |    60 |       ||    60
Dodge: Dodged            |    81 |     1 ||    82

Table legend: (Time is in decaauts)
 A = Elapsed time spent in this place.
 B = Non-inter-level travel time spent in this place.
 C = Inter-level travel time spent in this place.
 D = Time resting spent in this place.
 E = Time spent auto-exploring this place.
 F = Levels seen in this place.
 G = Mean time per level.
                   A        B        C        D        E       F      G
               +--------+--------+--------+--------+--------+-----+--------+
         Total |   1673 |   1593 |     80 |     26 |    405 |   3 |  557.7 |
       Dungeon |   1673 |   1593 |     80 |     26 |    405 |   3 |  557.7 |
               +--------+--------+--------+--------+--------+-----+--------+

Top non-repeatable levels by time:
     D:1: 945 daAuts
     D:2: 720 daAuts
     D:3: 7 daAuts
